 Dungeon Crawl Stone Soup version 0.25.1-2-g60ff931df9 (webtiles) character file.

Game seed: 5077843935914767989

447 ArchParadox the Slasher (level 7, 55/55 HPs)
             Began as a Human Gladiator on Oct 10, 2020.
             Was a Follower of Elyvilon.
             Quit the game on level 5 of the Dungeon on Oct 13, 2020.
             The game lasted 00:09:11 (4995 turns).

ArchParadox the Slasher (Human Gladiator)           Turns: 4995, Time: 00:09:11

Health: 55/55      AC:  9    Str: 17    XL:     7   Next: 24%
Magic:  7/7        EV:  8    Int:  8    God:    Elyvilon [*.....]
Gold:   210        SH:  0    Dex: 14    Spells: 6/6 levels left

rFire    . . .     SeeInvis .   a - +0 long sword
rCold    . . .     Gourm    .   (no shield)
rNeg     . . .     Faith    .   j - +0 chain mail
rPois    .         Spirit   .   c - +0 helmet
rElec    .         Reflect  .   (no cloak)
rCorr    .         Harm     .   (no gloves)
MR       .....                  (no boots)
Stlth    ..........             (no amulet)
HPRegen  0.18/turn              (no ring)
MPRegen  0.10/turn              (no ring)

@: no status effects
A: no striking features
a: Lesser Healing, Divine Protection, Renounce Religion


You were on level 5 of the Dungeon.
You worshipped Elyvilon.
Elyvilon was aware of your devotion.
You were not hungry.

You visited 1 branch of the dungeon, and saw 5 of its levels.

You collected 210 gold pieces.

Inventory:

Hand Weapons
 a - a +0 long sword (weapon)
 t - a +0 battleaxe
 x - a +1 flail of protection
Missiles
 d - 2 throwing nets (quivered)
Armour
 b - a +0 leather armour
 c - a +0 helmet (worn)
 j - a +0 chain mail (worn)
 l - a scarf of harm
Jewellery
 h - an uncursed ring of positive energy {unknown}
 n - a cursed ring of attention {unknown}
 s - an uncursed ring of protection from fire {unknown}
Scrolls
 e - 4 scrolls of identify
 g - a scroll of magic mapping {unknown}
 i - 3 scrolls of remove curse
 m - a scroll of immolation {unknown}
 p - 3 scrolls of teleportation
 w - a scroll of enchant weapon {unknown}
 y - a scroll of blinking {unknown}
Potions
 k - a potion of lignification
 o - a potion of berserk rage
 q - a potion of degeneration {unknown}
 r - 2 potions of curing
 v - 3 potions of haste
Comestibles
 f - 7 rations


   Skills:
 + Level 4.4 Fighting
 * Level 6.5 Long Blades
 - Level 2.0 Throwing
 - Level 3.0 Dodging


You had 6 spell levels left.
You didn't know any spells.
Your spell library was empty.

Dungeon Overview and Level Annotations

Branches:
Dungeon (5/15)
 Temple: D:4-7

Altars:
Dithmenos
Elyvilon
Sif Muna

Annotations:
D:5 Pikel


Message History

* * * LOW HITPOINT WARNING * * *
Pikel hits you with a +0 whip of flaming.
* * * LOW HITPOINT WARNING * * *
Pikel burns you.
* * * LOW HITPOINT WARNING * * *
Items here: ))) [[ รท
As you read the scroll labeled XEASIQ ACKEXEO, it crumbles to dust.
You feel strangely unstable.
It was a scroll of teleportation.
The slave closely misses you.
Your surroundings suddenly seem different.
You start resting.
Eating one of 3 chunks of flesh.
You eat one of the 3 chunks of flesh.
This raw flesh tastes terrible.
All of the chunks of flesh in your inventory have rotted away.
HP restored.
Level annotation: Pikel Welcome back, ArchParadox the Human Gladiator.
Elyvilon says: Go forth and aid the weak!
Press ? for a list of commands and other information.
Are you sure you want to abandon this character and quit the game? (Confirm with "yes".)

######
#....#
#....#
#....#
+....+
#....######
#..@.......
###+#######


There were no monsters in sight!

Vanquished Creatures
  Menkaure (D:5)
  Blork the orc (D:5)
  An orc priest (D:3)
  Jessica (D:2)
  An iguana (D:5)
  A worker ant (D:5)
  5 adders
  A shadow imp (D:3)
  An ooze (D:3)
  4 worms
  A leopard gecko (D:1)
  11 orcs
  3 giant cockroaches
  13 goblins
  5 hobgoblins
  A quokka (D:2)
  10 bats
  7 frilled lizards
  7 kobolds (D:2)
  8 rats
83 creatures vanquished.

Notes
Turn   | Place    | Note
-------+----------+-------------------------------------------
     0 | D:1      | ArchParadox the Human Gladiator began the quest for the
                  | Orb.
     0 | D:1      | Reached XP level 1. HP: 16/16 MP: 1/1
   326 | D:1      | Reached XP level 2. HP: 19/22 MP: 2/2
  1073 | D:2      | Noticed Jessica
  1378 | D:2      | Reached XP level 3. HP: 28/28 MP: 3/3
  1398 | D:2      | Found a white marble altar of Elyvilon.
  1417 | D:2      | Became a worshipper of Elyvilon the Healer
  1476 | D:2      | Reached skill level 4 in Long Blades
  1655 | D:2      | Reached XP level 4. HP: 34/34 MP: 4/4
  2251 | D:2      | Killed Jessica
  2636 | D:3      | Reached XP level 5. HP: 22/41 MP: 5/5
  3098 | D:3      | Reached * piety under Elyvilon
  3195 | D:3      | Found a faded altar of an unknown god.
  3221 | D:3      | Reached skill level 5 in Long Blades
  3461 | D:3      | Reached XP level 6. HP: 18/47 MP: 6/6
  3736 | D:3      | Found a shadowy altar of Dithmenos.
  3738 | D:3      | Found a shimmering blue altar of Sif Muna.
  4067 | D:5      | Entered Level 5 of the Dungeon
  4513 | D:5      | Noticed Menkaure
  4516 | D:5      | Killed Menkaure
  4516 | D:5      | Reached skill level 6 in Long Blades
  4516 | D:5      | Reached XP level 7. HP: 54/54 MP: 7/7
  4689 | D:5      | Noticed Blork the orc
  4710 | D:5      | Killed Blork the orc
  4742 | D:5      | Noticed Pikel
  4995 | D:5      | Quit the game

Illustrated notes

Levels and vault maps discovered:
D:1:      roderic_chinese_lattice_arrival, layout_basic,
          minmay_misc_feat_more_columns, minmay_misc_feat_columns
D:2:      kennysheep_the_goblin_king, layout_basic, elyvilon_altar_1,
          uniq_jessica
D:3:      layout_basic, gammafunk_temple_overflow_pools,
          chequers_ecumenical_altar_simple
D:4:      layout_basic, serial_shops, shop_fountains, shop_fountains
D:5:      layout_basic, first_ration, uniq_menkaure, uniq_pikel,
          uniq_blork_the_orc

Skill      XL: |  1  2  3  4  5  6 |
---------------+-------------------+-----
Long Blades    | 4 5 6 |  6.5
Fighting       | 3 4 |  4.4
Throwing       | |  2.0
Dodging        | |  3.0

Action                   |  1- 3 |  4- 6 |  7- 9 || total
-------------------------+-------+-------+-------++-------
Melee: Long sword        |    91 |   171 |    21 ||   283
Throw: Throwing net      |       |     1 |       ||     1
  Use: Scroll            |       |       |     6 ||     6
       Potion            |       |       |     1 ||     1
  Eat: Chunk             |     2 |     6 |     2 ||    10
       Ration            |       |     1 |       ||     1
Armor: Leather armour    |     2 |       |       ||     2
       Chain mail        |    88 |    98 |     5 ||   191
       Skin              |       |       |     8 ||     8
Dodge: Dodged            |    58 |    72 |     5 ||   135
       Rpst.: Long sword |    22 |    23 |     1 ||    46
